 Dungeon Crawl Stone Soup version 0.27-a0-1196-g3e9cee4cb2 (webtiles) character file.

Game seed: 6103975424612929343

1528 lightspider the Skirmisher (level 8, 0/64 HPs)
             Began as a Demonspawn Berserker on May 27, 2021.
             Was a Priest of Trog.
             Slain by a sky beast (6 damage)
             ... on level 3 of the Dungeon.
             The game lasted 00:28:44 (7527 turns).

lightspider the Skirmisher (Demonspawn Berserker)   Turns: 7527, Time: 00:28:44

Health: 0/64       AC: 11    Str: 19    XL:     8   Next: 55%
Magic:  8/8        EV:  9    Int:  9    God:    Trog [***...]
Gold:   195        SH:  0    Dex: 13    Spells: 7/7 levels left

rFire    . . .     SeeInvis +   a - +0 falchion
rCold    . . .     Faith    .   (no shield)
rNeg     . . .     Spirit   .   i - +0 chain mail
rPois    .         Reflect  .   (helmet unavailable)
rElec    .         Harm     .   d - +0 cloak
rCorr    +         Rampage  .   (no gloves)
Will     .....                  (no boots)
Stlth    ..........             k - amulet of magic regeneration
HPRegen  0.20/turn              j - ring of flight
MPRegen  0.36/turn              r - ring of resist corrosion

@: on berserk cooldown, flying
A: antennae 3, demonic guardian 2
a: Renounce Religion, Berserk, Trog's Hand


You were on level 3 of the Dungeon.
You worshipped Trog.
Trog was most pleased with you.
You visited 1 branch of the dungeon, and saw 5 of its levels.

You collected 195 gold pieces.

Inventory:

Hand Weapons
 a - a +0 falchion (weapon)
Missiles
 c - 380 stones
 g - 38 poisoned darts
 h - 6 atropa-tipped darts
 p - 5 curare-tipped darts
Armour
 b - a +0 animal skin
 d - a +0 cloak (worn)
 i - a +0 chain mail (worn)
Jewellery
 j - a ring of flight (left hand)
 k - an amulet of magic regeneration (around neck)
 r - a ring of resist corrosion (right hand)
Wands
 l - a wand of iceblast (5)
 t - a wand of digging (4)
Potions
 e - 2 potions of flight {unknown}
 f - a potion of resistance
 m - 2 potions of magic {unknown}
 n - a potion of attraction {unknown}
 o - 2 potions of heal wounds {unknown}
 q - 2 potions of cancellation
 s - a potion of brilliance {unknown}
 u - a potion of ambrosia {unknown}


   Skills:
 + Level 6.1 Fighting
 + Level 5.6 Long Blades
 + Level 5.1 Armour
 + Level 5.1 Dodging


You had 7 spell levels left.
You didn't know any spells.
Your spell library contained the following spells:

 Spells                   Type           Power      Damage    Failure   Level
 Beastly Appendage        Tmut           0%         N/A       99%         1
 Wereblood                Tmut           0%         N/A       99%         2
 Spider Form              Tmut/Pois      0%         N/A       100%        3
 Ice Form                 Ice/Tmut       0%         N/A       100%        4
 Hydra Form               Tmut           0%         N/A       100%        5


Dungeon Overview and Level Annotations

Branches:
Dungeon (5/15)
 Temple: D:4-7

Altars:
Yredelemnul

Shops:
D:1 :


Innate Abilities, Weirdness & Mutations

You have a pair of large antennae on your head. (SInv)
A demonic guardian rushes to your aid.


Message History

You barely miss the sky beast.
The sky beast hits you but does no damage. x2
You slash the sky beast!
The sky beast is moderately wounded.
The sky beast barely misses you.
You closely miss the sky beast.
The sky beast is moderately wounded.
The sky beast barely misses you. x2; You riposte.
You miss the sky beast.
The sky beast is moderately wounded.
You barely miss the sky beast.
The sky beast is moderately wounded.
The sky beast hits you but does no damage.
You slash the sky beast!
The sky beast is severely wounded.
The sky beast hits you. The sky beast shocks you.
* * * LOW HITPOINT WARNING * * *
The sky beast closely misses you.
You closely miss the sky beast.
The sky beast is severely wounded.
You feel yourself speed up. The sky beast misses you.
You riposte.
You hit the sky beast.
The sky beast is severely wounded.
You closely miss the sky beast.
The sky beast is severely wounded.
The sky beast hits you but does no damage.
You completely miss the sky beast.
The sky beast is severely wounded.
The sky beast flickers out of sight for a moment.
The sky beast hits you but does no damage.
You barely miss the sky beast.
The sky beast is severely wounded.
The sky beast hits you.
* * * LOW HITPOINT WARNING * * *
The sky beast shocks you.
* * * LOW HITPOINT WARNING * * *
A demonic guardian appears!
The sky beast hits you.
* * * LOW HITPOINT WARNING * * *
The sky beast shocks you.
You die...

#.# #..# #..# #.#
#.######..########..# #.#
#.##................# #.#
#..#.###..##........# #.#
##.#..........#####..#
#.######
#.###...........###..#
#.......
##.#.####.....4......#
######## ##..#
#..###Y>.##..# # #..#
#.#...>@...[[# # #..#
##..##)..#[#[####### #
#..# ##.###.##.[.......# #
#..######.###.####.#####[#
# #.............# #.# #.#
# #.#######.##### #.# #.#
# #.#######.# #.# #.#####
#......##.## #.# #......
######.#...#######.#
#####..


You could see a sky beast (invisible) and a friendly orange demon (summoned).

Vanquished Creatures
  Sigmund (D:4)
  A wyvern (D:5)
  2 sky beasts (D:5)
  A centaur (D:5)
  A kobold brigand (D:5)
  3 scorpions
  A water moccasin skeleton (D:5)
  A killer bee (D:4)
  A bullfrog skeleton (D:5)
  A gnoll shaman (D:5)
  2 hounds
  Terence (D:2)
  An orc wizard (D:3)
  Robin (D:4)
  8 adders
  7 gnolls (D:5)
  An ufetubus (D:5)
  An adder skeleton (D:4)
  3 worms
  2 dart slugs
  10 orcs
  9 ball pythons
  4 bats
  9 endoplasms
  4 giant cockroaches
  19 goblins
  5 hobgoblins
  8 jackals
  19 kobolds
  4 quokkas
  6 frilled lizards
  12 rats
149 creatures vanquished.

Vanquished Creatures (collateral kills)
  3 killer bees (D:4)
  A howler monkey (D:5)
  A hound (D:5)
  2 gnolls (D:5)
  An adder (D:2)
  5 orcs
  A goblin (D:1)
  A hobgoblin (D:4)
  A jackal (D:1)
  A ball python (D:3)
  A frilled lizard (D:2)
  A kobold (D:1)
19 creatures vanquished.

Vanquished Creatures (others)
  A withered plant (D:4)
1 creature vanquished.

Grand Total: 169 creatures vanquished

Notes
Turn   | Place    | Note
-------+----------+-------------------------------------------
     0 | D:1      | lightspider the Demonspawn Berserker began the quest for
                  | the Orb.
     0 | D:1      | Reached XP level 1. HP: 18/18 MP: 1/1
   342 | D:1      | Gained mutation: A weak demonic guardian rushes to your
                  | aid. [demonic ancestry]
   342 | D:1      | Reached XP level 2. HP: 24/24 MP: 2/2
   619 | D:1      | Found Vawyushre's Book Emporium.
   705 | D:1      | Reached ** piety under Trog
   744 | D:1      | Found a faded altar of an unknown god.
   914 | D:1      | Gained mutation: A demonic guardian rushes to your aid.
                  | [demonic ancestry]
   914 | D:1      | Reached XP level 3. HP: 29/29 MP: 3/3
  2223 | D:2      | Gained mutation: You have a pair of small antennae on your
                  | head. [demonic ancestry]
  2223 | D:2      | Reached XP level 4. HP: 28/35 MP: 4/4
  2701 | D:2      | Noticed Terence
  2705 | D:2      | Killed Terence
  3559 | D:3      | Reached *** piety under Trog
  3579 | D:3      | Gained mutation: You have a pair of antennae on your head.
                  | [demonic ancestry]
  3579 | D:3      | Reached XP level 5. HP: 26/42 MP: 5/5
  4485 | D:4      | Noticed Robin
  4492 | D:4      | Killed Robin
  4493 | D:4      | Reached skill level 4 in Fighting
  4522 | D:4      | Noticed Sigmund
  4584 | D:4      | Killed Sigmund
  4585 | D:4      | Reached XP level 6. HP: 5/49 MP: 6/6
  5381 | D:4      | Reached XP level 7. HP: 22/55 MP: 7/7
  5737 | D:4      | Reached skill level 5 in Fighting
  5997 | D:4      | Found a basalt altar of Yredelemnul.
  6219 | D:5      | Entered Level 5 of the Dungeon
  7010 | D:5      | Reached skill level 5 in Long Blades
  7023 | D:5      | Gained mutation: You have a pair of large antennae on your
                  | head. (SInv) [demonic ancestry]
  7023 | D:5      | Reached XP level 8. HP: 33/63 MP: 8/8
  7360 | D:5      | Reached **** piety under Trog
  7414 | D:5      | Reached skill level 6 in Fighting
  7498 | D:5      | Reached skill level 5 in Armour
  7498 | D:5      | Reached skill level 5 in Dodging
  7527 | D:3      | Slain by a sky beast

Illustrated notes

Levels and vault maps discovered:
D:1:      elethiomel_arrival_maze, layout_loops_ring, serial_shops,
          nicolae_shop_trees, shapermc_ecumenical_altar_totnotflames,
          st_stairs_5
D:2:      layout_basic, uniq_terence
D:3:      layout_loops_ring, grunt_decor_mini_mirrors, skrybe_limestone_x,
          amethyst_killhole
D:4:      layout_loops_ring, yredelemnul_altar_generic, serial_glass,
          glass_columns_c, glass_columns_c, uniq_sigmund, uniq_robin
D:5:      minmay_goblin_kobold_castle, layout_cave_pods,
          nicolae_overflow_crystal_walls, minmay_fractal_squares_diagonal_5

Skill      XL: |  1  2  3  4  5  6  7  8 |
---------------+-------------------------+-----
Armour         | 2 3 4 5 |  5.1
Dodging        | 2 3 4 5 |  5.1
Long Blades    | 3 4 5 |  5.6
Fighting       | 4 5 6 |  6.1

Action                   |  1- 3 |  4- 6 |  7- 9 || total
-------------------------+-------+-------+-------++-------
Melee: Falchion          |   141 |   244 |   259 ||   644
Invok: Berserk           |     4 |     8 |     7 ||    19
       Trog's Hand       |       |     2 |     7 ||     9
Evoke: Wand              |       |     1 |       ||     1
  Use: Scroll            |       |     5 |     1 ||     6
       Potion            |       |     3 |       ||     3
 Stab: Sleeping          |     1 |       |       ||     1
Armor: Animal skin       |    12 |       |       ||    12
       Chain mail        |    36 |   161 |   187 ||   384
Dodge: Dodged            |    90 |   105 |   140 ||   335
       Rpst.: Falchion   |    27 |    30 |    32 ||    89

Table legend: (Time is in decaauts)
 A = Elapsed time spent in this place.
 B = Non-inter-level travel time spent in this place.
 C = Inter-level travel time spent in this place.
 D = Time resting spent in this place.
 E = Time spent auto-exploring this place.
 F = Levels seen in this place.
 G = Mean time per level.
                   A        B        C        D        E       F      G
               +--------+--------+--------+--------+--------+-----+--------+
         Total |   7769 |   7650 |    119 |   2582 |   3238 |   5 | 1553.8 |
       Dungeon |   7769 |   7650 |    119 |   2582 |   3238 |   5 | 1553.8 |
               +--------+--------+--------+--------+--------+-----+--------+

Top non-repeatable levels by time:
     D:4: 1889 daAuts
     D:2: 1883 daAuts
     D:3: 1481 daAuts
     D:1: 1444 daAuts
     D:5: 1071 daAuts
